 Dungeon Crawl Stone Soup version 0.27.1-34-g3ba077fa99 (webtiles) character file.

Game seed: 8457000310621889990

2203 pkoi the Martial Artist (level 9, -27/74 HPs)
             Began as a Grey Draconian Monk on Jan 14, 2022.
             Killed from afar by a wretched star (35 damage)
             ... with a lance of force
             ... on level 1 of the Abyss.
             The game lasted 00:08:19 (4919 turns).

pkoi the Martial Artist (Grey Draconian Monk)       Turns: 4919, Time: 00:08:19

Health: -27/74     AC: 14    Str: 14    XL:     9   Next: 12%
Magic:  9/9        EV: 13    Int: 13    God:
Gold:   320        SH:  0    Dex: 14    Spells: 8/8 levels left

rFire    + . .     SeeInvis +     - Unarmed
rCold    + . .     Faith    .   (no shield)
rNeg     . . .     Spirit   .   (armour unavailable)
rPois    .         Reflect  .   (helmet restricted)
rElec    .         Harm     .   c - scarf {rC+ rF+}
rCorr    .         Rampage  .   (no gloves)
Will     .....                  n - +1 pair of boots
Stlth    ++........             h - amulet of regeneration
HPRegen  1.22/turn              s - ring of see invisible
MPRegen  0.11/turn              (no ring)

@: about to teleport, unable to read
A: AC +12, amphibious, unfitting armour, cold-blooded, [screaming 2], [inability
to read while threatened]
a: no special abilities


You were on level 1 of the Abyss.
You visited 1 branch of the dungeon, and saw 6 of its levels.
You visited the Abyss 1 time.

You collected 320 gold pieces.

Inventory:

Hand Weapons
 b - a +1 whip of venom
 q - a +1 dagger of protection
 u - the +0 flail of the Imperium {spect, *Noise Str+2 Dex+3}
   (You found it on level 1 of the Abyss)

   When its wielder attacks, the weapon's spirit leaps out and strikes again.
   The spirit shares a part of any damage it takes with its wielder.
   Str:       It affects your strength (+2).
   Dex:       It affects your dexterity (+3).
   *Noise:    It may make noises in combat.
Missiles
 j - a throwing net (quivered)
 r - 20 poisoned darts
Armour
 c - a scarf of resistance (worn)
 n - a +1 pair of boots (worn)
Jewellery
 h - an amulet of regeneration (around neck)
 s - a ring of see invisible (left hand)
Wands
 k - a wand of polymorph (11)
 t - a wand of iceblast (21)
Scrolls
 a - 3 scrolls of enchant weapon
 d - a scroll of teleportation
 f - 3 scrolls of enchant armour
 g - 3 scrolls of identify
 o - 2 scrolls of fog
 p - a scroll of amnesia {unknown}
Potions
 e - a potion of might {unknown}
 i - a potion of magic
 m - 3 potions of curing


   Skills:
 + Level 5.1 Fighting
 + Level 4.0 Dodging
 - Level 1.7 Stealth
 + Level 11.0 Unarmed Combat
 + Level 2.3 Evocations


You had 8 spell levels left.
You didn't know any spells.
Your spell library contained the following spells:

 Spells                   Type           Power      Damage    Failure   Level
 Corpse Rot               Necr/Air       N/A        N/A       43%         2
 Poisonous Vapours        Pois/Air       0%         N/A       43%         2
 Freezing Cloud           Conj/Ice/Air   0%         6-21      100%        5


Dungeon Overview and Level Annotations

Branches:
Dungeon (6/15)
 Temple: D:4-7

Altars:
Kikubaaqudgha
Makhleb
Vehumet
Wu Jian
Zin

Shops:
D:1 :

Annotations:
D:2 Sigmund
D:3 1 runed translucent door, Crazy Yiuf
D:5 3 runed translucent doors, pkoi's ghost, amateur DrAr


Innate Abilities, Weirdness & Mutations

Your dull iron-grey scales are very hard. (AC +12)
You are amphibious.
You cannot fit into any form of body armour.
You are cold-blooded and may be slowed by cold attacks.
[You frequently scream uncontrollably at your foes.]
[You sometimes lose the ability to read scrolls when taking damage.]


Message History

A great orb of eyes and a large abomination come into view.
Found a steaming flail.
o - 2 scrolls of fog (gained 1)
There are no items here.
A wretched star comes into view.
A large abomination comes into view.
The wretched star glows turbulently.
The lance of force hits you!
You are knocked back by the lance of force.
You slam into the rock wall!
You see here the +0 flail of the Imperium {spect, *Noise Str+2 Dex+3}.
u - the +0 flail of the Imperium {spect, *Noise Str+2 Dex+3} The large abomination hits you!!
The wretched star glows turbulently.
The lance of force hits you!
* * * LOW HITPOINT WARNING * * *
You are knocked back by the lance of force.
You slam into the rock wall!
* * * LOW HITPOINT WARNING * * *
As you read the scroll of teleportation, it crumbles to dust.
You feel strangely unstable.
You feel the power of the Abyss delaying your translocation!
The wretched star pulses with an eldritch light!
You lose the ability to read scrolls when threatened.
You feel the urge to shout.
You feel a strong urge to scream. The large abomination hits you!
You feel threatened and lose the ability to read scrolls!
* * * LOW HITPOINT WARNING * * *
You feel much better. The large abomination misses you.
Unknown command.
A worldbinder comes into view.
You can read scrolls again.
The great orb of eyes turns its gaze towards you.
The large abomination hits you!!
You feel threatened and lose the ability to read scrolls!
* * * LOW HITPOINT WARNING * * *
Unknown command.
The wretched star glows turbulently.
The lance of force hits you!!
You die...

#....#.#.#### ##
#.#....#.#..≈≈
.#...###.#....#≈≈
..#.§#.#..... . ≈
###. #..##..#####≈≈
#.x#..#.....#.G...#
...##..#.*....#...#.
. #.§...X#.##...#.#
. # #
#X§#.@.#§.........
#.#§..####§.§#...#.
. #..#..## .. .....
.§§§.##. ..# .... .
###. .. #. ... §§
... #. ### . . # .
#.#. # . #..# ..


You could see a wretched star and a large abomination.

Vanquished Creatures
  A hornet (D:5)
  2 golden eyes (Abyss:1)
  2 black bears (D:5)
  3 sky beasts
  A necrophage (D:4)
  2 phantoms (D:6)
  A bullfrog (D:6)
  3 scorpions (D:6)
  A howler monkey (D:6)
  A bullfrog zombie (D:6)
  An orc priest (D:4)
  5 hounds
  A jelly (D:5)
  A gnoll shaman (D:5)
  2 iguanas (D:5)
  6 orc wizards
  10 gnolls
  7 adders
  An ufetubus (D:4)
  2 worms (D:2)
  3 dart slugs
  16 orcs
  5 ball pythons
  9 endoplasms
  3 giant cockroaches
  8 hobgoblins
  4 jackals
  3 quokkas
  7 bats
  2 frilled lizards (D:2)
  6 goblins
  7 kobolds
  7 rats
133 creatures vanquished.

Notes
Turn   | Place    | Note
-------+----------+-------------------------------------------
     0 | D:1      | pkoi the Draconian Monk began the quest for the Orb.
     0 | D:1      | Reached XP level 1. HP: 19/19 MP: 1/1
   288 | D:1      | Reached XP level 2. HP: 22/26 MP: 2/2
   586 | D:1      | Found Eluwag's Book Shop.
   736 | D:1      | Found a faded altar of an unknown god.
   787 | D:1      | Found a glowing silver altar of Zin.
   865 | D:2      | Noticed Sigmund
   945 | D:2      | Reached skill level 4 in Unarmed Combat
  1001 | D:2      | Reached XP level 3. HP: 31/31 MP: 3/3
  1271 | D:2      | Reached XP level 4. HP: 38/38 MP: 4/4
  1321 | D:2      | Reached skill level 5 in Unarmed Combat
  1827 | D:3      | Found a burning altar of Makhleb.
  1855 | D:3      | Reached XP level 5. HP: 45/45 MP: 5/5
  1892 | D:3      | Found a runed translucent door.
  1893 | D:3      | Noticed Crazy Yiuf
  2601 | D:4      | Reached skill level 6 in Unarmed Combat
  2899 | D:4      | Reached XP level 6. HP: 49/52 MP: 6/6
  3168 | D:4      | Found an ornate altar of the Wu Jian Council.
  3169 | D:4      | Found a radiant altar of Vehumet.
  3239 | D:4      | Reached skill level 7 in Unarmed Combat
  3346 | D:5      | Entered Level 5 of the Dungeon
  3407 | D:5      | Your scales start taking on a dull iron-grey colour.
  3407 | D:5      | Reached XP level 7. HP: 50/59 MP: 7/7
  3526 | D:5      | Reached skill level 8 in Unarmed Combat
  3632 | D:5      | Identified a scroll of acquirement
  3632 | D:5      | Acquired a scarf of resistance
  3685 | D:5      | Found a runed translucent gate.
  3685 | D:5      | Found a runed translucent gate.
  3685 | D:5      | Found a runed translucent gate.
  3685 | D:5      | Noticed pkoi's ghost (amateur DrAr)
  3891 | D:5      | Noticed a hornet
  3898 | D:5      | Paralysed by a hornet for 3 turns
  3908 | D:5      | Killed a hornet
  3909 | D:5      | Reached skill level 9 in Unarmed Combat
  4125 | D:5      | Reached XP level 8. HP: 56/66 MP: 8/8
  4165 | D:6      | Reached skill level 10 in Unarmed Combat
  4259 | D:6      | Found an ancient bone altar of Kikubaaqudgha.
  4648 | D:6      | Reached skill level 1 in Evocations
  4697 | D:6      | Cast into level 1 of the Abyss (orc wizard)
  4850 | Abyss:1  | Reached skill level 5 in Fighting
  4850 | Abyss:1  | Reached skill level 11 in Unarmed Combat
  4850 | Abyss:1  | Reached XP level 9. HP: 74/74 MP: 9/9
  4899 | Abyss:1  | Noticed a great orb of eyes
  4907 | Abyss:1  | Noticed a wretched star
  4910 | Abyss:1  | Noticed a large abomination
  4912 | Abyss:1  | Identified the +0 flail of the Imperium {spect, *Noise
                  | Str+2 Dex+3}
  4918 | Abyss:1  | Noticed a large abomination
  4918 | Abyss:1  | Noticed a worldbinder
  4919 | Abyss:1  | Killed from afar by a wretched star

Illustrated notes

Levels and vault maps discovered:
D:1:      dpeg_arrival_water_altar, layout_loops_cross,
          hellmonk_ecumenical_altar_inner_sanctum, serial_shops,
          nicolae_shop_crystal
D:2:      layout_loops_ring, grunt_ministairs_13, minmay_domino_4, uniq_sigmund
D:3:      layout_basic, old_standard_altar, uniq_crazy_yiuf_cottage
D:4:      layout_rooms, mainiacjoe_overflow_divided_tiny
D:5:      layout_gridville, ebering_ghost_rock_garden
D:6:      minmay_bubble_buster, layout_basic, kennysheep_mini,
          mainiacjoe_overflow_catwalk, minmay_temple_entry_butterflies,
          hex_tiny, nicolae_lava_and_water, minmay_bent
Abyss:1:  base:
D:2

Skill      XL: |  1  2  3  4  5  6  7  8  9 |
---------------+----------------------------+-----
Unarmed Combat | 4 5 6 7 9 11 | 11.0
Dodging        | 3 4 |  4.0
Fighting       | 4 5 |  5.1
Evocations     | 2 |  2.3
Stealth        | |  1.7

Action                   |  1- 3 |  4- 6 |  7- 9 || total
-------------------------+-------+-------+-------++-------
Melee: Unarmed           |   110 |   219 |   125 ||   454
       Tailslap          |    11 |    41 |    12 ||    64
       Punch             |       |     2 |     4 ||     6
       Whip              |       |       |    60 ||    60
  Use: Potion            |       |     3 |     3 ||     6
       Scroll            |       |     1 |     9 ||    10
 Stab: Sleeping          |     6 |     5 |     4 ||    15
Armor: Skin              |    23 |    57 |   120 ||   200
Dodge: Dodged            |    67 |   131 |   137 ||   335
